 Dungeon Crawl Stone Soup version 0.23.2-30-g0e89c35649 (webtiles) character file.

Game seed: 9669374703067642446

100 shadizar the Shield-Bearer (level 4, -7/29 HPs)
             Began as a Gargoyle Fighter on June 22, 2019.
             Killed from afar by an orc wizard (12 damage)
             ... with a puff of flame
             ... on level 3 of the Dungeon.
             The game lasted 00:01:53 (1598 turns).

shadizar the Shield-Bearer (Gargoyle Fighter)       Turns: 1598, Time: 00:01:53

Health: -7/29      AC: 10    Str: 21    XL:     4   Next: 74%
Magic:  4/4        EV:  7    Int:  8    God:
Gold:   44         SH:  9    Dex:  9    Spells: 3/3 levels left

rFire    . . .     SeeInvis .   a - +0 flail
rCold    . . .     Gourm    .   c - +0 shield
rNeg     + . .     Faith    .   b - +0 scale mail
rPois    ∞         Spirit   .   (no helmet)
rElec    +         Reflect  .   (no cloak)
rCorr    .         Harm     .   (no gloves)
MR       .....                  (no boots)
Stlth    ..........             (no amulet)
HPRegen  0.09/turn              (no ring)
MPRegen  0.09/turn              (no ring)

@: no status effects
A: negative energy resistance 1, electricity resistance, unbreathing,
petrification resistance, rot immunity, AC +3
a: no special abilities


You were on level 3 of the Dungeon.
You were not hungry.

You visited 1 branch of the dungeon, and saw 3 of its levels.

You collected 44 gold pieces.

Inventory:

Hand Weapons
 a - a +0 flail (weapon)
Armour
 b - a +0 scale mail (worn)
 c - a +0 shield (worn)
 j - a +1 pair of gloves
 k - a cursed +0 pair of boots
Jewellery
 r - an uncursed ring of positive energy {unknown}
Scrolls
 e - 2 scrolls of enchant armour {unknown}
 g - 2 scrolls of remove curse {unknown}
 h - a scroll of magic mapping {unknown}
 l - 2 scrolls of teleportation {unknown}
 n - 2 scrolls of blinking {unknown}
 q - 2 scrolls of identify {unknown}
Potions
 d - 2 potions of might
 i - 4 potions of curing {unknown}
 m - a potion of haste {unknown}
 o - a potion of mutation {unknown}
 p - a potion of heal wounds {unknown}
 t - a potion of agility {unknown}
Comestibles
 f - 4 rations


   Skills:
 + Level 4.0 Fighting
 + Level 3.0 Maces & Flails
 + Level 3.7 Armour
 + Level 0.7 Dodging
 + Level 4.1 Shields


You had 3 spell levels left.
You didn't know any spells.
Your spell library was empty.

Dungeon Overview and Level Annotations

Branches:
Dungeon (3/15)

Altars:
Vehumet


Innate Abilities, Weirdness & Mutations

You are resistant to torment.
Your stone body is resilient. (AC +3)
You are immune to poison.
You resist negative energy. (rN+)
You are resistant to electric shocks. (rElec)
You can survive without breathing.
You are immune to petrification.
You are immune to rotting.


Message History

The orc wizard flickers and vanishes!
Deactivating autopickup; reactivate with Ctrl-A.
Something hits you but does no damage.
You barely miss something.
You hear some strange, mumbled words.
A magic dart appears from out of thin air!
The magic dart hits you but does no damage.
You closely miss something. Something hits you. You block something's attack.
You closely miss something. Something hits you but does no damage.
You hear some strange, mumbled words.
A puff of frost appears from out of thin air!
The puff of frost hits you.
* * * LOW HITPOINT WARNING * * *
Your shield and scale mail prevent you from hitting something.
Something hits you but does no damage. x2
You barely miss something. You block something's attack.
You hear some strange, mumbled words.
A puff of flame appears from out of thin air!
The puff of flame hits you!
You die...

....'.# #.#
....### #.#
....#
#.##########
#####
#..........#
#########.##
..#####.#
#o##....#
#{##.####
####@##.#
#.#.....#.#
#...†.###.#
###.#.# #.#
#.#.# #.#
#.#.###.#
#.#.....#
#.####### #.


You could see an orc.

Vanquished Creatures
  3 adders
  An ooze (D:1)
  A worm (D:3)
  3 dart slugs
  3 leopard geckos
  2 orcs (D:3)
  5 bats
  A giant cockroach (D:3)
  5 goblins
  8 hobgoblins
  5 jackals (D:3)
  6 kobolds
  A quokka (D:3)
  4 frilled lizards
  5 rats
53 creatures vanquished.

Notes
Turn   | Place    | Note
-------+----------+-------------------------------------------
     0 | D:1      | shadizar the Gargoyle Fighter began the quest for the Orb.
     0 | D:1      | Reached XP level 1. HP: 14/14 MP: 1/1
   130 | D:1      | Reached XP level 2. HP: 15/19 MP: 2/2
   458 | D:1      | Reached XP level 3. HP: 24/24 MP: 3/3
   763 | D:2      | Found a faded altar of an unknown god.
   875 | D:2      | You fall through a shaft!
   954 | D:3      | Reached XP level 4. HP: 12/29 MP: 4/4
  1210 | D:3      | Found a radiant altar of Vehumet.
  1598 | D:3      | Killed from afar by an orc wizard

Skill      XL: |  1  2  3  4 |
---------------+-------------+-----
Shields        | 4 |  4.1
Fighting       | 4 |  4.0
Maces & Flails | 3 |  3.0
Armour         | |  3.7
Dodging        | |  0.7

Action                   |  1- 3 |  4- 6 || total
-------------------------+-------+-------++-------
Melee: Flail             |   145 |   135 ||   280
  Eat: Chunk             |       |     3 ||     3
Armor: Scale mail        |    77 |   109 ||   186
Dodge: Dodged            |    41 |    66 ||   107
Block: Shield            |    81 |    93 ||   174
